[Event "Team 45 45 League T31"]
[Site "Internet Chess Club"]
[Date "2006.07.08"]
[Round "3"]
[White "achessman"]
[Black "fledermaus"]
[Result "0-1"]
[WhiteElo "2015"]
[BlackElo "2077"]
[TimeControl "2700+45"]

1. e4 c6 2. d4 d5 3. exd5 cxd5 4. c4 Nf6 5. c5 e5 6. dxe5 Ne4 7. Bb5+ Nc6 8.
Bxc6+ bxc6 9. Qa4 Bxc5 10. Be3 Bxe3 11. fxe3 Qh4+ 12. g3 Qh6 13. Ne2 O-O 14. Qa3
Bg4 15. Nf4 Nxg3 {White resigns} 0-1  aics%

[Event "Team 45 45 League T31"]
[Site "Internet Chess Club"]
[Date "2006.07.09"]
[Round "3"]
[White "BorgCollective"]
[Black "kingfischer57"]
[Result "1-0"]
[WhiteElo "1877"]
[BlackElo "1816"]
[TimeControl "2700+45"]

1. f4 c5 2. Nf3 Nf6 3. e3 g6 4. Be2 Bg7 5. O-O d5 6. Nc3 O-O 7. d4 cxd4 8. exd4
Nc6 9. Ne5 Qb6 10. Nf3 Bg4 11. Na4 Qc7 12. c3 Ne4 13. h3 Bd7 14. Nc5 Nf6 15.
Nxd7 Qxd7 16. Ne5 Qc7 17. Bb5 Ne4 18. Qa4 Rfc8 19. Qb3 e6 20. Bd3 Nf6 21. g4 Rf8
22. g5 Nd7 23. h4 Ncxe5 24. fxe5 Qb6 25. Qxb6 Nxb6 26. Be2 Rac8 27. h5 Nc4 28.
h6 Bh8 29. Bxc4 Rxc4 30. Bd2 b5 31. b3 Rc6 32. a4 a6 33. axb5 axb5 34. Ra7 Rfc8
35. Rb7 Ra6 36. Rfxf7 Ra1+ 37. Kf2 Ra2 38. Ke3 Ra1 39. Rxh7 Rh1 40. Rhe7 Rh3+
41. Ke2 Rh2+ 42. Kd1 Rh1+ 43. Kc2 Rh2 44. Rxe6 {Black resigns} 1-0  aics%

[Event "Team 45 45 League T31"]
[Site "Internet Chess Club"]
[Date "2006.07.08"]
[Round "3"]
[White "tourettes"]
[Black "smitty120"]
[Result "0-1"]
[WhiteElo "1722"]
[BlackElo "1760"]
[TimeControl "2700+45"]

1. e4 e5 2. Nf3 Nc6 3. Bb5 a6 4. Ba4 Nf6 5. d3 b5 6. Bb3 Bc5 7. c3 Bb6 8. O-O
O-O 9. h3 d6 10. a3 h6 11. Re1 Be6 12. Bc2 Qd7 13. Be3 Rfe8 14. d4 exd4 15. cxd4
Bxh3 16. gxh3 Qxh3 17. Nh2 Nxe4 18. Nc3 Nf6 19. Qd3 b4 20. Ba4 Nxd4 21. Bxe8 Ng4
22. Bxf7+ Kf8 23. Nxg4 Nf3# {White checkmated} 0-1  aics%

[Event "Team 45 45 League T31"]
[Site "Internet Chess Club"]
[Date "2006.07.08"]
[Round "3"]
[White "Theodulf"]
[Black "crankn8tr"]
[Result "0-1"]
[WhiteElo "1620"]
[BlackElo "1654"]
[TimeControl "2700+45"]

1. e4 e5 2. Nf3 Nf6 3. Nxe5 d6 4. Nf3 Nxe4 5. d3 Nf6 6. d4 d5 7. Bd3 Bg4 8. h3
Bh5 9. Bf4 Bd6 10. Qe2+ Qe7 11. Qxe7+ Kxe7 12. Bxd6+ Kxd6 13. O-O Bxf3 14. gxf3
Nh5 15. Nd2 Nf4 16. Kh2 Nxd3 17. cxd3 Nc6 18. Nb3 Rhe8 19. Rae1 Nb4 20. Nc1 Nc2
21. Rxe8 Rxe8 22. Nb3 Nb4 23. Nc1 a5 24. Kg3 a4 25. f4 Nc2 26. f3 Nxd4 27. b3
axb3 28. axb3 Ne2+ 29. Kg4 Nxc1 30. Rxc1 Re2 31. Rc3 d4 32. Rc4 c5 33. b4 b6 34.
bxc5+ bxc5 35. Ra4 Rg2+ 36. Kh4 Kc6 37. Ra7 f6 38. Ra8 Kb5 39. Rb8+ Ka4 40. Rc8
Kb4 41. Rb8+ Kc3 42. Rc8 Kxd3 43. Rxc5 Ke3 44. Rd5 d3 45. Rd7 d2 46. Re7+ Kxf3
47. Rd7 Kxf4 48. Rd5 Ke4 49. Ra5 d1=Q 50. Re5+ Kf3 51. Re3+ Kf2 {White resigns}
0-1  aics%

[Event "Team 45 45 League T31"]
[Site "Internet Chess Club"]
[Date "2006.07.11"]
[Round "3"]
[White "camembert"]
[Black "alastorx"]
[Result "1-0"]
[WhiteElo "1947"]
[BlackElo "1787"]
[TimeControl "2700+45"]

1. d4 e6 2. c4 d5 3. Nc3 c5 4. cxd5 exd5 5. Nf3 Nc6 6. Bg5 Be7 7. Bxe7 Ngxe7 8.
e3 cxd4 9. Nxd4 Qb6 10. Ndb5 O-O 11. Qd2 Rd8 12. Na4 Qa5 13. Qxa5 Nxa5 14. Rd1
Be6 15. Nd4 Rac8 16. a3 Nec6 17. Nxe6 fxe6 18. b4 Nc4 19. Bxc4 dxc4 20. Nc5 b5
21. Nxe6 Rxd1+ 22. Kxd1 a5 23. bxa5 Nxa5 24. Kc2 Nb3 25. Rd1 Kf7 26. Nd4 Nxd4+
27. Rxd4 Ke6 28. Kc3 g5 29. Kb4 c3 30. Rd1 c2 31. Rc1 Kd5 32. Kb3 {Black
resigns} 1-0  aics%

[Event "Team 45 45 League T31"]
[Site "Internet Chess Club"]
[Date "2006.07.06"]
[Round "3"]
[White "Egmont"]
[Black "Klampin"]
[Result "0-1"]
[WhiteElo "1659"]
[BlackElo "1841"]
[TimeControl "2700+45"]

1. e4 c6 2. d4 d5 3. exd5 cxd5 4. Bd3 Nc6 5. c3 Nf6 6. Bf4 g6 7. Nf3 Bg7 8. Nbd2
O-O 9. O-O Bf5 10. Qc2 Bxd3 11. Qxd3 a6 12. a4 Rc8 13. Ne5 Nh5 14. Nxc6 Nxf4 15.
Qf3 Rxc6 16. Qxf4 Qb6 17. Rfb1 Rf6 18. Qe3 Re6 19. Qd3 Rc8 20. a5 Qc7 21. Nb3
Rf6 22. Nc5 Rf5 23. g3 e5 24. b4 e4 25. Qf1 Rf3 26. Re1 Bh6 27. Qe2 Rxc3 28.
Rad1 Re8 29. Qb2 Rf3 30. Re2 e3 31. fxe3 Rfxe3 32. Rde1 Rxe2 33. Rxe2 Rxe2 34.
Qxe2 Kf8 35. Qf3 Qc6 36. Kg2 Bg7 37. Qf4 Qe8 38. Nxb7 Qe2+ 39. Kh3 Qh5+ 40. Kg2
Bh6 41. Qd6+ Kg7 42. Qe5+ Qxe5 43. dxe5 Bd2 44. Nc5 Bxb4 45. Nxa6 Bxa5 46. Nc5
Kf8 47. Kf3 Ke7 48. Nd3 Ke6 49. Kg4 h6 50. h4 Bc3 51. Kf4 Bd2+ 52. Kg4 h5+ 53.
Kf3 Kf5 54. Ke2 Bc3 55. Kf3 Bxe5 {White resigns} 0-1  aics%

[Event "Team 45 45 League T31"]
[Site "Internet Chess Club"]
[Date "2006.07.09"]
[Round "3"]
[White "Rainbird"]
[Black "NFK"]
[Result "0-1"]
[WhiteElo "1735"]
[BlackElo "1575"]
[TimeControl "2700+45"]

1. d4 Nf6 2. c4 c5 3. d5 b5 4. cxb5 a6 5. b6 Qxb6 6. Nc3 g6 7. e4 d6 8. Be2 Bg7
9. Nf3 O-O 10. O-O Nbd7 11. a4 h6 12. a5 Qc7 13. Nd2 e6 14. Nc4 exd5 15. exd5
Bb7 16. Bf4 Ne8 17. Qd2 Kh7 18. Ne4 Ne5 19. Ra3 f5 20. Rh3 fxe4 21. Bxh6 Kg8 22.
Nxe5 dxe5 23. Qg5 Qf7 24. Bg4 Bxd5 25. Rd1 Qxf2+ {White resigns} 0-1  aics%

[Event "Team 45 45 League T31"]
[Site "Internet Chess Club"]
[Date "2006.07.08"]
[Round "3"]
[White "chinta"]
[Black "RD1974"]
[Result "1-0"]
[WhiteElo "1534"]
[BlackElo "1613"]
[TimeControl "2700+45"]

1. e4 c5 2. Nf3 Nc6 3. Bc4 e6 4. d4 cxd4 5. Nxd4 Nf6 6. Bg5 Qa5+ 7. Bd2 Qc5 8.
Nb5 Ne5 9. Be2 Nxe4 10. Be3 Qb4+ 11. c3 Qa5 12. Qd4 Nc6 13. Qxe4 d5 14. Qf3 a6
15. Nd4 Ne5 16. Qg3 Ng6 17. O-O Bd7 18. Nb3 Qd8 19. Bd4 Bc6 20. Bh5 Bd6 21. f4
Bf8 22. N1d2 Nh4 23. Bg4 h5 24. Bh3 Rh6 25. Nf3 Rg6 26. Ng5 Bb5 27. Rfe1 Nxg2
28. Bxg2 Be7 29. h4 b6 30. Qe3 Rb8 31. Bf3 Rh6 32. Bxg7 Bxg5 33. Bxh6 Bxh6 34.
Bxh5 Qxh4 35. Qxe6+ Kd8 36. Qd6+ Kc8 37. Qxd5 Bxf4 38. c4 Qg3+ 39. Qg2 Be3+ 40.
Kf1 Bxc4+ 41. Re2 Qf4+ 42. Bf3 Bd5 43. Qg4+ Be6 44. Qxf4 Bxf4 45. Rc2+ Kd8 46.
Rd1+ Ke7 47. Nd4 Rh8 48. Nxe6 fxe6 49. Re1 Bd6 50. Bd5 e5 51. Rc6 Rb8 52. Rd1
Rf8+ 53. Ke2 Bc5 54. Kd2 Rf2+ 55. Kc1 Bd4 56. Rc2 Rf6 57. Re2 Kd6 58. Bc4 a5 59.
Re4 Kc5 60. Bd3 Rh6 61. a3 Rh2 62. Re2 Rh6 63. Rc2+ Kd5 64. Re1 Rh4 65. b3 Rf4
66. a4 Rh4 67. Rce2 Rh8 68. Bc4+ Kd6 69. Rg2 Kc5 70. Rg8 Rh2 71. Re2 Rh3 72. Rc2
Rh1+ 73. Kd2 Rh2+ 74. Kd3 Rh4 75. Rd8 Kb4 76. Bd5 Rh3+ 77. Ke4 Rh4+ 78. Kf5 Rf4+
79. Ke6 Rh4 80. Rb8 Rh6+ 81. Kd7 Rf6 82. Rc6 Rf2 83. Rcxb6+ Bxb6 84. Rxb6+ Kc5
85. Rb5+ Kd4 86. Rxa5 e4 87. Bxe4 Kxe4 88. Rb5 Ra2 89. a5 Kd4 90. b4 Kc4 91. Rb6
Ra4 92. Kc7 Ra1 93. a6 Rh1 94. a7 Rh7+ 95. Kb8 Rh8+ 96. Kb7 Rh7+ 97. Ka6 Rh8 98.
b5 Kb4 99. Rb7 Rh6+ 100. b6 Rh8 101. Rc7 {Black resigns} 1-0  aics% 
MrPirulo(71): Trabaja en una cabaret?? aics%

[Event "Team 45 45 League T31"]
[Site "Internet Chess Club"]
[Date "2006.07.07"]
[Round "3"]
[White "Apocalyptic"]
[Black "nightly"]
[Result "1/2-1/2"]
[WhiteElo "1951"]
[BlackElo "1922"]
[TimeControl "2700+45"]

1. e4 c5 2. Nf3 g6 3. d4 cxd4 4. Nxd4 Nc6 5. c4 Nf6 6. Nc3 d6 7. f3 Nxd4 8. Qxd4
Bg7 9. Bg5 O-O 10. Qd2 Be6 11. Be2 Rc8 12. Nd5 Bxd5 13. cxd5 Qc7 14. O-O Qc2 15.
Rac1 {Game drawn by mutual agreement} 1/2-1/2  aics%

[Event "Team 45 45 League T31"]
[Site "Internet Chess Club"]
[Date "2006.07.11"]
[Round "3"]
[White "Rlopez"]
[Black "Silk"]
[Result "1-0"]
[WhiteElo "1805"]
[BlackElo "1777"]
[TimeControl "2700+45"]

1. d4 d5 2. c4 c6 3. cxd5 cxd5 4. Nf3 Nc6 5. Nc3 Nf6 6. Bf4 a6 7. e3 Bg4 8. Be2
h6 9. Rc1 Nh5 10. Bg3 e6 11. Qb3 Qd7 12. Qd1 Nxg3 13. hxg3 Bd6 14. a3 O-O 15.
O-O b5 16. b4 Rfc8 17. Ne1 Bf5 18. Nd3 Bxd3 19. Bxd3 Rc7 20. Bb1 Rac8 21. Qd3 g6
22. Rc2 Bxb4 23. Nxb5 axb5 24. axb4 Nxb4 25. Rxc7 Rxc7 26. Qb3 Rc4 27. Qd1 Qc6
28. Kh2 Qa6 29. Qg4 Kg7 30. Qf4 Qb6 31. Qe5+ Kg8 32. Qf6 Rc7 33. Bxg6 fxg6 34.
Qxg6+ Rg7 35. Qe8+ Kh7 36. Rc1 Rg8 37. Qe7+ Rg7 38. Qxb4 Rf7 39. Kg1 Qa6 40. Rb1
Qa2 41. Qb2 Rxf2 42. Kxf2 {Black resigns} 1-0  aics%

[Event "Team 45 45 League T31"]
[Site "Internet Chess Club"]
[Date "2006.07.07"]
[Round "3"]
[White "Ghostblaster"]
[Black "jerq"]
[Result "1-0"]
[WhiteElo "1690"]
[BlackElo "1874"]
[TimeControl "2700+45"]

1. d4 Nf6 2. c4 g6 3. Nf3 Bg7 4. Nc3 d6 5. e4 O-O 6. Be2 e5 7. O-O Nc6 8. h3 Nh5
9. Bg5 f6 10. Be3 Nf4 11. Qd2 Nxe2+ 12. Nxe2 exd4 13. Nexd4 Ne5 14. Bh6 Nxc4 15.
Qc1 Bxh6 16. Qxh6 Nxb2 17. Nh4 Qe7 18. Rae1 Qg7 19. Qe3 c5 20. Nb5 f5 21. exf5
Bxf5 22. Nxf5 Rxf5 23. Nxd6 Rd5 24. Qe6+ {Black resigns} 1-0  aics%

[Event "Team 45 45 League T31"]
[Site "Internet Chess Club"]
[Date "2006.07.07"]
[Round "3"]
[White "David-Carioca"]
[Black "autobot"]
[Result "1-0"]
[WhiteElo "1704"]
[BlackElo "1635"]
[TimeControl "2700+45"]

1. d4 c6 2. e4 d5 3. exd5 cxd5 4. Nf3 Bg4 5. Bf4 Nf6 6. Bb5+ Nc6 7. Nbd2 a6 8.
Bxc6+ bxc6 9. c3 e6 10. O-O Qb6 11. Qa4 Bxf3 12. Nxf3 Nd7 13. Rab1 Be7 14. Ne5
Nxe5 15. Bxe5 O-O 16. Qd1 Rfc8 17. Qg4 Bf8 18. h4 c5 19. dxc5 Qxc5 20. Bd4 Qc4
21. b3 Qc7 22. h5 e5 23. Be3 Qd6 24. Rfc1 Qf6 25. g3 Bc5 26. Rf1 Bf8 27. Rbc1
Rc6 28. h6 g6 29. Qd7 Rd6 30. Qb7 Rad8 31. Kg2 R6d7 32. Bg5 Qxg5 33. Qxa6 {Black
forfeits on time} 1-0  aics%

[Event "Team 45 45 League T31"]
[Site "Internet Chess Club"]
[Date "2006.07.09"]
[Round "3"]
[White "trevor21"]
[Black "MSStateBulldog"]
[Result "1/2-1/2"]
[WhiteElo "2179"]
[BlackElo "2429"]
[TimeControl "2700+45"]

1. d4 d5 2. c4 e6 3. Nc3 c6 4. Bf4 Bd6 5. Bxd6 Qxd6 6. cxd5 exd5 7. e3 Bf5 8.
Bd3 Bxd3 9. Qxd3 Nf6 10. Nge2 Nbd7 11. O-O O-O 12. Rab1 a5 13. Ng3 Rfe8 14. f3
Rad8 15. Rfe1 Nb6 16. b3 g6 17. Kf2 Re7 18. Re2 h5 19. Nf1 Rde8 20. Rbe1 Rd8 21.
g3 Kg7 22. Kg2 Red7 23. Nd2 Re7 24. Na4 Nxa4 25. bxa4 Qb4 26. Qb3 Qd6 27. Qc3
Ree8 28. Rb1 Rd7 29. Nb3 b6 30. Nc1 Rb7 31. Nd3 h4 32. g4 h3+ 33. Kg1 Nh7 34. f4
Nf6 35. g5 Ne4 36. Qc2 Qd7 37. Nf2 Nxf2 38. Kxf2 Qg4 39. Rg1 Qc8 40. Rg3 Rbe7
41. Qb1 Rb7 42. Rb2 b5 43. axb5 cxb5 44. Rxb5 Rxb5 45. Qxb5 Qc2+ 46. Qe2 Rc8 47.
Rg1 Qxe2+ 48. Kxe2 Rc2+ 49. Kf3 Rxh2 50. a4 Ra2 51. Rh1 Rxa4 52. Rxh3 Ra2 53.
Rh1 a4 54. Rb1 a3 55. Rb8 Ra1 56. Ra8 a2 57. Kg2 Kh7 58. Kh2 Kg7 59. Kg2 Kh7 60.
Kh2 Kg7 61. Kg2 {Game drawn by repetition} 1/2-1/2  aics%

[Event "Team 45 45 League T31"]
[Site "Internet Chess Club"]
[Date "2006.07.11"]
[Round "3"]
[White "Ozgur-Bjk"]
[Black "VentasD"]
[Result "0-1"]
[WhiteElo "2111"]
[BlackElo "2185"]
[TimeControl "2700+45"]

1. d4 e6 2. Nf3 Nf6 3. Bg5 c5 4. e3 Nc6 5. Be2 Qa5+ 6. Qd2 Qb6 7. c3 Ne4 8. Qc2
Nxg5 9. Nxg5 Be7 10. Nf3 d6 11. Nbd2 Bd7 12. O-O cxd4 13. Nxd4 Nxd4 14. exd4 Rc8
15. Qb3 Bd8 16. Bf3 d5 17. Rfe1 O-O 18. Be2 Qxb3 19. Nxb3 b6 20. Nd2 b5 21. Nf3
f6 22. Bd3 g6 23. Nd2 Bc7 24. Nb3 Bb6 25. f4 a5 26. a3 Rfe8 27. Kh1 Kf7 28. Re2
Rc7 29. g3 Bc6 30. h3 e5 31. fxe5 fxe5 32. Rf1+ Kg7 33. Rxe5 Rxe5 34. dxe5 d4+
35. Kh2 dxc3 36. bxc3 Bd5 37. Na1 Rxc3 38. Bxb5 Rxa3 39. g4 Bd4 40. Nc2 Ra2 41.
Bd3 Bc4 {White resigns} 0-1  aics%  MissB(340): Hi aics%

[Event "Team 45 45 League T31"]
[Site "Internet Chess Club"]
[Date "2006.07.16"]
[Round "3"]
[White "WesleyCrusher"]
[Black "Gregorio"]
[Result "1/2-1/2"]
[WhiteElo "2035"]
[BlackElo "2145"]
[TimeControl "2700+45"]

1. e4 e5 2. Nf3 Nc6 3. Bb5 a6 4. Ba4 Nf6 5. O-O b5 6. Bb3 Bc5 7. c3 d6 8. d4 Bb6
9. dxe5 Nxe5 10. Nxe5 dxe5 11. Qxd8+ Kxd8 12. Bxf7 Rf8 13. Bd5 Nxd5 14. exd5 Bb7
15. Be3 Bxe3 16. fxe3 Rxf1+ 17. Kxf1 Bxd5 18. Nd2 Ke7 19. a4 Rd8 20. Ke2 g6 21.
axb5 axb5 22. g3 Ra8 23. Rxa8 Bxa8 24. b4 Bd5 25. e4 Be6 26. h4 Kd6 27. Ke3 c6
28. Nf3 {Game drawn by mutual agreement} 1/2-1/2  aics%

[Event "Team 45 45 League T31"]
[Site "Internet Chess Club"]
[Date "2006.07.09"]
[Round "3"]
[White "Glook"]
[Black "Vitruvian"]
[Result "1-0"]
[WhiteElo "2130"]
[BlackElo "1951"]
[TimeControl "2700+45"]

1. d4 e6 2. c4 f5 3. g3 c6 4. Nf3 d5 5. Bg2 Nf6 6. O-O Bd6 7. b3 Qe7 8. Bb2 O-O
9. Ne5 Nbd7 10. Nd2 Ne4 11. Ndf3 Ndf6 12. Qc2 Bd7 13. c5 Bc7 14. Bc1 Be8 15. Nd3
Nd7 16. Bf4 Bxf4 17. gxf4 g5 18. fxg5 Nxg5 19. Kh1 Kh8 20. Qd2 Nxf3 21. Bxf3 Qf6
22. Qf4 Rg8 23. Rg1 Rc8 24. Rxg8+ Kxg8 25. Rg1+ Kh8 26. e3 Bg6 27. Qd6 Qf7 28.
Ne5 Nxe5 29. Qxe5+ Qg7 30. Qxe6 Re8 31. Qd6 Qh6 32. Qf6+ Qg7 33. Qg5 Qe7 34. Qf4
Rf8 35. b4 a6 36. a4 Qf6 37. Be2 Be8 38. Rg5 Bd7 39. Bd3 Bc8 40. b5 axb5 41.
axb5 Rg8 42. Rxg8+ Kxg8 43. b6 Kg7 44. Qc7+ Kh6 45. Qxc8 {Black resigns} 1-0 
aics%

[Event "Team 45 45 League T31"]
[Site "Internet Chess Club"]
[Date "2006.07.09"]
[Round "3"]
[White "Sir-Knightly"]
[Black "phoenix10q72"]
[Result "1-0"]
[WhiteElo "2377"]
[BlackElo "2285"]
[TimeControl "2700+45"]

1. d4 Nf6 2. c4 c5 3. d5 e6 4. Nc3 exd5 5. cxd5 d6 6. e4 g6 7. f3 Bg7 8. Bg5 a6
9. a4 Nbd7 10. Nh3 O-O 11. Be2 Qb6 12. Qd2 Ne5 13. Nf2 Re8 14. O-O h5 15. Kh1
Qc7 16. Rab1 Rb8 17. Rfc1 Nh7 18. Be3 f5 19. b4 b6 20. f4 Ng4 21. Nxg4 hxg4 22.
e5 Bb7 23. bxc5 bxc5 24. e6 Nf6 25. Bc4 Qe7 26. a5 Nh5 27. Rb6 Ba8 28. Rxa6 Rb4
29. Qd3 Qh4 30. Ne2 Rb2 31. Kg1 g3 32. h3 Reb8 33. Rxd6 Rxe2 34. Qxe2 Nxf4 35.
Qf1 Be5 36. Rb6 Re8 37. Bxf4 Bxf4 38. Rcb1 Be5 39. Qd3 Kg7 40. a6 Bd4+ 41. Kh1
Qf4 42. Qf3 Qe5 43. Qb3 Rh8 44. Rb7+ Bxb7 45. Qxb7+ Kf6 46. d6 Qe3 47. a7 Qf2
48. Qe7+ Ke5 49. Qg7+ Kxd6 50. Qxh8 Bxh8 51. a8=Q Bd4 52. Qd5+ Ke7 53. Qd7+ Kf6
54. e7 f4 55. e8=Q {Black resigns} 1-0  aics%

[Event "Team 45 45 League T31"]
[Site "Internet Chess Club"]
[Date "2006.07.10"]
[Round "3"]
[White "jorobo"]
[Black "izit"]
[Result "0-1"]
[WhiteElo "2168"]
[BlackElo "2136"]
[TimeControl "2700+45"]

1. c4 Nf6 2. Nc3 g6 3. e4 d6 4. d4 Bg7 5. Be2 O-O 6. Nf3 e5 7. O-O Nc6 8. d5 Ne7
9. Ne1 Nd7 10. Nd3 f5 11. Bd2 fxe4 12. Nxe4 Nf5 13. Bg4 h6 14. Rc1 Kh7 15. b4
Nf6 16. Nxf6+ Bxf6 17. c5 Nd4 18. cxd6 cxd6 19. Be3 Bxg4 20. Qxg4 h5 21. Qd1 Nf5
22. Bd2 Rf7 23. f3 Qb6+ 24. Nf2 h4 25. Kh1 Kg7 26. Ne4 Ng3+ 27. Nxg3 hxg3 28. h3
Rh8 29. Qe1 Qd4 30. Rd1 Qh4 31. Qe4 Rc7 32. Rc1 Rhc8 33. Rxc7+ Rxc7 34. Rc1
Rxc1+ 35. Bxc1 Bg5 36. Qxh4 Bxh4 37. f4 e4 38. Kg1 b5 39. Kf1 Kf6 40. Ke2 Kf5
41. Be3 a6 42. Bd2 Bf6 43. Ke3 g5 44. fxg5 Bxg5+ 45. Ke2 Bxd2 46. Kxd2 Ke5 47.
Ke3 Kxd5 48. Kd2 Ke5 49. Ke3 d5 50. Kd2 d4 51. Ke2 Kf4 52. Kd2 d3 53. Kd1 Ke3
54. Ke1 d2+ 55. Kd1 Kd3 56. h4 a5 57. bxa5 b4 58. a6 b3 59. axb3 e3 60. b4 e2#
{White checkmated} 0-1  aics%

[Event "Team 45 45 League T31"]
[Site "Internet Chess Club"]
[Date "2006.07.08"]
[Round "3"]
[White "forketta"]
[Black "JonnyBeGood"]
[Result "1/2-1/2"]
[WhiteElo "1960"]
[BlackElo "2128"]
[TimeControl "2700+45"]

1. d4 d5 2. c4 e5 3. dxe5 d4 4. Nf3 Nc6 5. g3 Bf5 6. Bg2 Qd7 7. O-O O-O-O 8. Qb3
Be7 9. Rd1 Bh3 10. Bh1 Qg4 11. Na3 a6 12. Nc2 Bc5 13. Nce1 f6 14. Nd3 Ba7 15.
Qc2 Nge7 16. b4 Ng6 17. exf6 gxf6 18. b5 axb5 19. cxb5 Nce5 20. Bf4 Nxf4 21.
Nxf4 d3 22. Nxd3 Nxd3 23. Rxd3 Rxd3 24. Qxd3 Re8 25. Rc1 h5 26. e3 Qg7 27. b6
Bxb6 28. Qb5 Kd8 29. Rd1+ Bd7 30. Qxh5 c6 31. Nd4 Bxd4 32. Rxd4 Kc7 33. Qd1 Ra8
34. a4 Rh8 35. Bg2 Bh3 36. Bh1 Qh7 37. Rh4 Qxh4 38. gxh4 Rg8+ 39. Bg2 Rxg2+ 40.
Kh1 Rxf2 41. Kg1 Rg2+ 42. Kh1 Rf2 43. Kg1 Rg2+ 44. Kh1 Rf2 {Game drawn by
repetition} 1/2-1/2  aics%

[Event "Team 45 45 League T31"]
[Site "Internet Chess Club"]
[Date "2006.07.11"]
[Round "3"]
[White "ChessAddict"]
[Black "SaltofLife"]
[Result "0-1"]
[WhiteElo "2111"]
[BlackElo "1995"]
[TimeControl "2700+45"]

1. d4 Nf6 2. c4 e6 3. Nc3 Bb4 4. Qc2 O-O 5. e4 d5 6. e5 Ne4 7. Bd3 c5 8. cxd5
exd5 9. Ne2 cxd4 10. Nxd4 Nd7 11. f4 Ndc5 12. O-O Bxc3 13. bxc3 Nxd3 14. Qxd3
Qa5 15. Be3 Bd7 16. Rfc1 Rfc8 17. c4 Nc5 18. Qe2 dxc4 19. Rxc4 Qa3 20. Rac1 Ne6
21. Rxc8+ Rxc8 22. Rxc8+ Bxc8 23. Nb5 Qb4 24. g3 Bd7 25. Nd6 Bc6 26. Kf2 a6 27.
Qd2 Qb1 28. g4 Qh1 29. Kg3 g6 30. Qf2 Qd5 31. Nc8 Kf8 32. Nb6 Qe4 33. Nc8 g5 34.
Nd6 Qd5 35. fxg5 Qxe5+ 36. Bf4 Nxf4 37. Qxf4 Qxf4+ 38. Kxf4 Ke7 39. Ke5 b5 40.
h4 Bf3 41. Nf5+ Kf8 42. Nh6 a5 43. Kd6 b4 44. Kc5 Be2 45. Nf5 Bxg4 46. Nd6 Be6
47. Kb5 Bxa2 48. Kxa5 Ke7 49. Nf5+ Ke6 50. Ne3 b3 51. Nd1 Kf5 52. Kb4 Kg4 53.
Kc3 Kxh4 54. Kd4 Kxg5 55. Ke4 f5+ 56. Kf3 Bb1 57. Kg3 Be4 58. Nb2 f4+ 59. Kf2
Kg4 60. Nd1 h5 61. Kg1 Kf3 62. Kf1 h4 {White resigns} 0-1  aics%

[Event "Team 45 45 League T31"]
[Site "Internet Chess Club"]
[Date "2006.07.10"]
[Round "3"]
[White "Milo"]
[Black "pestka"]
[Result "1-0"]
[WhiteElo "2424"]
[BlackElo "2253"]
[TimeControl "2700+45"]

1. e4 c5 2. Nf3 Nc6 3. d4 cxd4 4. Nxd4 e5 5. Nb5 d6 6. N1c3 a6 7. Na3 Be6 8. Nc4
Be7 9. Nd5 Bxd5 10. exd5 Nb8 11. a4 Nd7 12. a5 Ngf6 13. Be3 O-O 14. Be2 Ne8 15.
Qd2 f5 16. f4 Bf6 17. O-O g6 18. Rab1 Qc7 19. b4 Rc8 20. b5 exf4 21. Bxf4 axb5
22. Rxb5 Nc5 23. Qb4 Rf7 24. Rb1 Re7 25. Bd3 Nxd3 26. cxd3 Bd4+ 27. Kh1 Bc5 28.
Qb2 Ra8 29. Bg5 Rf7 30. Rxb7 Qxb7 31. Qxb7 Rxb7 32. Rxb7 Ra7 33. Rxa7 Bxa7 34.
Bd8 Kf7 35. a6 {Black resigns} 1-0  aics%

[Event "Team 45 45 League T31"]
[Site "Internet Chess Club"]
[Date "2006.07.09"]
[Round "3"]
[White "Phosphorus"]
[Black "jpitt"]
[Result "1/2-1/2"]
[WhiteElo "2172"]
[BlackElo "2369"]
[TimeControl "2700+45"]

1. c4 g6 2. g3 Bg7 3. Bg2 e5 4. Nc3 Nc6 5. d3 Nge7 6. Nf3 O-O 7. O-O d6 8. Rb1
a5 9. a3 h6 10. b4 axb4 11. axb4 Nd4 12. Nd2 Rb8 13. e3 Bf5 14. exd4 Bxd3 15.
dxe5 Bxb1 16. Ndxb1 dxe5 17. Qxd8 Rfxd8 18. Rd1 Rxd1+ 19. Nxd1 Nc6 20. b5 Nd4
21. Kf1 c6 22. Nbc3 Ra8 23. Bb2 Ra5 24. bxc6 bxc6 25. Ne2 Nxe2 26. Kxe2 Ra2 27.
Ke3 c5 28. Ke4 Ra7 29. Ne3 Rd7 30. Nd5 f5+ 31. Ke3 e4 32. Bxg7 Kxg7 33. g4 Ra7
34. gxf5 gxf5 35. Kf4 Ra2 36. Kg3 Ra4 37. Ne3 Kf6 38. Bh3 Ra3 39. Kf4 Ra2 40.
Bxf5 Rxf2+ 41. Kxe4 Kg5 42. h3 Rf4+ 43. Kd5 Rf3 44. Ke4 Rf4+ 45. Ke5 Rf3 46. Ke4
{Game drawn by mutual agreement} 1/2-1/2  aics%

[Event "Team 45 45 League T31"]
[Site "Internet Chess Club"]
[Date "2006.07.08"]
[Round "3"]
[White "Zebbile"]
[Black "BaroneRosso"]
[Result "1/2-1/2"]
[WhiteElo "2056"]
[BlackElo "2067"]
[TimeControl "2700+45"]

1. d4 Nf6 2. c4 g6 3. Nc3 Bg7 4. Bg5 d6 5. e3 O-O 6. Nf3 c5 7. Be2 h6 8. Bh4 Bf5
9. Qd2 Ne4 10. Nxe4 Bxe4 11. O-O g5 12. Bg3 Qb6 13. Rfd1 Nc6 14. d5 Nd8 15. Bd3
Bxd3 16. Qxd3 Qxb2 17. Rdb1 Qc3 18. Qe2 Qf6 19. Rc1 b6 20. Rab1 Nb7 21. h4 g4
22. Ne1 h5 23. Nd3 e5 24. dxe6 fxe6 25. Nf4 Qh6 26. Qd3 Rf6 27. Qe4 Rb8 28. Qc6
Rf7 29. Ne2 e5 30. Nc3 Qe6 31. Ne4 Bh6 32. Rd1 Rd8 33. Qd5 Qxd5 34. Rxd5 Bf8 35.
Rbd1 Be7 36. Kf1 Kg7 37. Ke2 Rdf8 38. R1d2 Na5 39. Kd3 Nb7 40. Kc3 Rb8 41. Rb2
Rff8 42. Rdd2 Rfd8 43. Kd3 Na5 44. Nc3 Rd7 45. Nd5 {Game drawn by mutual
agreement} 1/2-1/2  aics%

[Event "Team 45 45 League T31"]
[Site "Internet Chess Club"]
[Date "2006.07.11"]
[Round "3"]
[White "MehmetBulent"]
[Black "equi"]
[Result "0-1"]
[WhiteElo "1823"]
[BlackElo "1890"]
[TimeControl "2700+45"]

1. d4 Nf6 2. Nf3 g6 3. c4 Bg7 4. Nc3 O-O 5. e4 d6 6. h3 Na6 7. Be3 e5 8. Be2
exd4 9. Nxd4 Re8 10. f3 Nh5 11. O-O f5 12. Qd2 Ng3 13. Rfe1 fxe4 14. fxe4 Nc5
15. Bf3 Ncxe4 16. Nxe4 Nxe4 17. Qc2 Nc5 18. Rad1 Bd7 19. b4 Ba4 20. Nb3 Nxb3 21.
axb3 Bc6 22. Bxc6 bxc6 23. Bf2 a5 24. Rxe8+ Qxe8 25. Re1 Qd7 26. bxa5 Rxa5 27.
Qd2 Ra8 28. Qe3 Be5 29. g4 c5 30. Qd3 Qc6 31. h4 Rf8 32. Qe4 Qxe4 33. Rxe4 Rf3
34. Be3 Rxe3 35. Rxe3 Bd4 36. Kf2 Kf7 37. Ke2 Bxe3 38. Kxe3 Ke6 39. Kf4 h6 40.
Ke4 g5 41. h5 c6 42. Kd3 Ke5 43. Ke3 d5 44. cxd5 cxd5 45. Kd3 Kf4 46. Kc3 Kxg4
47. b4 cxb4+ 48. Kxb4 Kf4 49. Kc3 Ke3 {White resigns} 0-1  aics%

[Event "Team 45 45 League T31"]
[Site "Internet Chess Club"]
[Date "2006.07.11"]
[Round "3"]
[White "Sean"]
[Black "DaveTheRook"]
[Result "0-1"]
[WhiteElo "1498"]
[BlackElo "1709"]
[TimeControl "2700+45"]

1. c4 Nf6 2. g3 g6 3. Bg2 Bg7 4. Nc3 O-O 5. d3 d6 6. Bg5 Nbd7 7. Qd2 Re8 8. Bh6
c6 9. Bxg7 Kxg7 10. Nf3 Qa5 11. h4 h5 12. Nh2 Ne5 13. f3 Rb8 14. g4 hxg4 15.
fxg4 Nexg4 16. Nxg4 Bxg4 17. O-O-O Qh5 18. Rdg1 Qh6 19. Ne4 Qxd2+ 20. Kxd2 Nxe4+
21. Bxe4 Bh5 22. Rg5 e5 23. Rhg1 Rh8 24. R5g2 Rbd8 25. Rg5 Rde8 26. e3 Re6 27.
Ke1 Rf6 28. a3 Bf3 29. Bf5 Rxh4 30. Kd2 Kh6 31. Bc8 Rh2+ 32. Kc3 c5 33. R5g3 Bc6
34. e4 Rff2 35. Rb1 Ba4 36. Rxg6+ fxg6 37. Rc1 Rc2+ 38. Rxc2 Rxc2# {White
checkmated} 0-1  aics%

[Event "Team 45 45 League T31"]
[Site "Internet Chess Club"]
[Date "2006.07.10"]
[Round "3"]
[White "mogwop"]
[Black "GoIrish"]
[Result "1-0"]
[WhiteElo "1595"]
[BlackElo "1592"]
[TimeControl "2700+45"]

1. d4 Nf6 2. Nf3 g6 3. e3 Bg7 4. Bd3 O-O 5. O-O d6 6. h3 Nbd7 7. e4 e5 8. c3 Nh5
9. g3 Qe8 10. Bc2 f5 11. exf5 gxf5 12. dxe5 dxe5 13. Ng5 Nb6 14. Bb3+ Kh8 15.
Na3 c6 16. Nc4 Nxc4 17. Bxc4 Nf6 18. Qd6 Qd7 19. Qxd7 Bxd7 20. Nf7+ Rxf7 21.
Bxf7 Rf8 22. Bb3 f4 23. Kh2 Ne4 24. g4 Ng5 25. f3 h5 26. Bd2 h4 27. Rad1 c5 28.
Kg2 Bc6 29. Bc2 Bf6 30. Bc1 Kg7 31. Bb3 b6 32. Bd5 Be8 33. Rfe1 Nf7 34. c4 Nd6
35. b3 Be7 36. Bb2 Bf7 37. Bxe5+ Kg8 38. Bxd6 {Black resigns} 1-0